 Dungeon Crawl Stone Soup version 0.22.1-2-g9c5b331383 (webtiles) character file.

11914 Marnok the Carver (level 11, -3/99 HPs)
             Began as a Minotaur Fighter on Dec 25, 2018.
             Slain by Rupert
             ... wielding a +4 vampiric triple sword
              (22 damage)
             ... on level 12 of the Dungeon.
             The game lasted 00:39:12 (8304 turns).

Marnok the Carver (Minotaur Fighter)                Turns: 8304, Time: 00:39:13

Health: -3/99      AC: 13    Str: 23    XL:     11   Next: 55%
Magic:  10/10      EV: 14    Int:  9    God:
Gold:   365        SH: 12    Dex: 11    Spells: 10/10 levels left

rFire    + + +     SeeInvis +   a - +0 long sword
rCold    . . .     Gourm    .   c - +0 shield
rNeg     . . .     Faith    .   e - +3 leather armour of Orthodoxy {rF++ Int+4 SInv}
rPois    .         Spirit   .   t - +2 hat
rElec    .         Reflect  .   (no cloak)
rCorr    .         Harm     .   J - +1 pair of gloves
MR       .....                  K - +0 pair of boots
Stlth    ++........             k - amulet of magic regeneration
HPRegen  0.26/turn              s - +3 ring of slaying
MPRegen  0.37/turn              T - ring of protection from fire

@: about to teleport
A: retaliatory headbutt, claws 1, horns 2, rugged brown scales 1, see invisible,
blink
a: Blink


You were on level 12 of the Dungeon.
You were hungry.

You visited 1 branch of the dungeon, and saw 13 of its levels.

You collected 365 gold pieces.

Inventory:

Hand Weapons
 a - a +0 long sword (weapon)
 r - a +2 mace of holy wrath
Missiles
 A - 5 tomahawks of returning (quivered)
Armour
 c - a +0 shield (worn)
 d - the +1 leather armour of the Gastropod {rElec rC++ Regen+ Int-4, unknown}
   (You found it on level 12 of the Dungeon)

   It affects your intelligence (-4).
   It greatly protects you from cold.
   It insulates you from electricity.
   It increases your rate of regeneration.
 e - the +3 leather armour of Orthodoxy (worn) {rF++ Int+4 SInv}
   (You found it on level 4 of the Dungeon)

   It affects your intelligence (+4).
   It greatly protects you from fire.
   It lets you see invisible.
 n - a +0 pair of gloves
 t - a +2 hat (worn)
 J - a +1 pair of gloves (worn)
 K - a +0 pair of boots (worn)
 L - a +3 chain mail
Jewellery
 k - an amulet of magic regeneration (around neck)
 s - a +3 ring of slaying (left hand)
 w - a +4 ring of intelligence
 T - a ring of protection from fire (right hand)
Wands
 x - a wand of flame (19)
 F - a wand of polymorph (19)
Scrolls
 b - 3 scrolls of random uselessness {unknown}
 h - 10 scrolls of remove curse
 m - 2 scrolls of teleportation
 u - a scroll of amnesia
 G - 2 scrolls of enchant armour
 R - a scroll of acquirement {unknown}
 U - a scroll of enchant weapon {unknown}
Potions
 p - 3 potions of flight
 P - a potion of brilliance
Comestibles
 f - 10 rations
 S - 3 chunks of flesh


   Skills:
 + Level 9.5 Fighting
 + Level 13.4 Long Blades
 + Level 1.8 Maces & Flails
 + Level 6.4 Armour
 + Level 7.1 Dodging
 + Level 3.4 Stealth
 + Level 10.9 Shields


You had 10 spell levels left.
You didn't know any spells.
Your spell library contained the following spells:

 Spells                   Type           Power        Failure   Level  Hunger
 Beastly Appendage        Tmut           #.....       61%         1    ##.....
 Sticks to Snakes         Tmut           #.......     75%         2    ###....
 Spider Form              Tmut/Pois      #.........   93%         3    ####...
 Ice Form                 Ice/Tmut       #.......     100%        4    #####..
 Blade Hands              Tmut           #.........   100%        5    ######.


Dungeon Overview and Level Annotations

Branches:
Dungeon (13/15) Temple (0/1) D:4 Vaults (0/5) D:12 D:13 Lair: D:8-11 Orc: D:9-12

Altars:
Ashenzari
Makhleb
Okawaru
Qazlal
Uskayaw
Vehumet
The Shining One
Beogh

Shops:
D:9 [

Annotations:
D:4 Menkaure
D:6 exclusion: statue
D:12 Rupert


Innate Abilities, Weirdness & Mutations

You reflexively headbutt those who attack you in melee.
You have a pair of horns on your head.
You have sharp fingernails.
You are partially covered in rugged brown scales. (AC +1, +3% HP)
You have supernaturally acute eyesight. (SInv)
You can translocate small distances at will.


Message History

You headbutt the human. The human misses you. You block the human's attack.
You hit Rupert.
Rupert is lightly wounded.
Rupert hits you with a vampiric triple sword!
* * * LOW HITPOINT WARNING * * *
Rupert draws strength from your wounds! You block the human's attack. x3
Okay, then.
As you read the scroll of teleportation, it crumbles to dust.
You feel strangely unstable. The human hits you but does no damage.
Rupert barely misses you. You block the human's attack.
The human completely misses you. You block the human's attack.
You feel better.
Rupert hits you with a vampiric triple sword!
* * * LOW HITPOINT WARNING * * *
The human hits you but does no damage. x3; You block the human's attack.
You hit Rupert but do no damage. You headbutt Rupert, but do no damage.
Rupert is lightly wounded.
You block the human's attack.
Rupert hits you with a vampiric triple sword!!
You die...

... #...........#..... .
#..####'#####.....
#####..#..............
.......#.............
.......#.........#+# .#
.......#.........# .+
########........p# ..#
...............p@# ..#
...............p@#### ...#
...............pp#...###...#
.................#.........+
.................+....<....#
.................#.........#
.................#.........#
.................#.........#
########.........#.........#
.......#.........#.........#


You could see Rupert (berserk) and 5 humans.

Vanquished Creatures
  A two-headed ogre (D:10)
  An unseen horror (D:11)
  An orc knight (D:12)
  A deep elf mage (D:9)
  2 centaur skeletons
  4 trolls
  A queen bee (D:8)
  A slime creature (D:11)
  A hippogriff (D:10)
  A vampire (D:11)
  12 yaks
  6 humans (D:12)
  A hungry ghost (D:10)
  An acid dragon (D:10)
  6 orc warriors
  2 ice beasts
  A phantom (D:9)
  3 sky beasts
  4 ogres
  A wolf (D:9)
  2 centaurs
  A crocodile (D:10)
  5 bullfrogs
  2 big kobolds
  A gnoll sergeant (D:9)
  30 killer bees
  2 scorpions
  2 howler monkeys
  4 crimson imps
  A bullfrog zombie (D:5)
  2 centaur zombies
  9 hounds
  A bullfrog skeleton (D:10)
  8 orc priests
  A jelly (D:5)
  An orc wizard (D:9)
  2 iguanas
  6 worker ants
  A killer bee zombie (D:9)
  A worker ant zombie (D:9)
  7 gnolls
  6 adders
  2 shadow imps
  An ooze (D:1)
  2 adder skeletons
  4 worms
  2 leopard geckos
  39 orcs
  A ball python (D:1)
  5 giant cockroaches
  3 hobgoblins
  3 jackals (D:1)
  16 kobolds
  4 quokkas
  6 bats
  3 frilled lizards
  6 goblins
  A leopard gecko skeleton (D:4)
  A quokka zombie (D:6)
  3 rats
248 creatures vanquished.

Notes
Turn   | Place    | Note
-------+----------+-------------------------------------------
     0 | D:1      | Marnok the Minotaur Fighter began the quest for the Orb.
     0 | D:1      | Reached XP level 1. HP: 19/19 MP: 0/0
    85 | D:3      | Reached XP level 2. HP: 17/27 MP: 1/1
   845 | D:2      | Reached XP level 3. HP: 30/33 MP: 2/2
  1071 | D:1      | You fall through a shaft!
  1119 | D:2      | Reached skill level 3 in Long Blades
  1119 | D:2      | Reached XP level 4. HP: 12/40 MP: 3/3
  1728 | D:3      | Reached skill level 1 in Dodging
  1772 | D:4      | Reached XP level 5. HP: 41/46 MP: 4/4
  1774 | D:4      | Reached skill level 5 in Armour
  1819 | D:4      | Got a slimy leather armour
  1830 | D:4      | Identified the +3 leather armour of Orthodoxy {rF++ Int+4
                  | SInv} (You found it on level 4 of the Dungeon)
  1879 | D:4      | Found a burning altar of Makhleb.
  1908 | D:5      | Entered Level 5 of the Dungeon
  1918 | D:5      | Reached skill level 4 in Long Blades
  1985 | D:5      | Reached skill level 5 in Shields
  1985 | D:5      | Reached XP level 6. HP: 26/53 MP: 5/5
  2153 | D:5      | Found a hide-covered altar of Uskayaw.
  2278 | D:6      | Noticed a sky beast
  2281 | D:5      | Noticed a dagger
  2282 | D:5      | Noticed a dagger
  2304 | D:4      | Noticed Menkaure
  2387 | D:5      | Noticed an ice beast
  2395 | D:5      | Killed an ice beast
  2395 | D:5      | Reached skill level 5 in Long Blades
  2434 | D:6      | Found an iron altar of Okawaru.
  2446 | D:5      | Found a stormy altar of Qazlal.
  2648 | D:6      | Found a shattered altar of Ashenzari.
  2676 | D:6      | Reached XP level 7. HP: 39/60 MP: 6/6
  2938 | D:6      | Reached skill level 6 in Long Blades
  3059 | D:6      | Reached skill level 5 in Fighting
  3066 | D:6      | Reached skill level 7 in Long Blades
  3066 | D:6      | Reached skill level 1 in Stealth
  3211 | D:6      | Found a radiant altar of Vehumet.
  3566 | D:7      | Found a glowing golden altar of the Shining One.
  3765 | D:8      | Reached XP level 8. HP: 59/68 MP: 7/7
  3775 | D:8      | Reached skill level 8 in Long Blades
  3787 | D:8      | Gained mutation: You evolve. [potion of mutation]
  3787 | D:8      | Gained mutation: You have supernaturally acute eyesight.
                  | (SInv) [potion of mutation]
  3787 | D:8      | Gained mutation: You have sharp fingernails. [potion of
                  | mutation]
  3787 | D:8      | Gained mutation: You are resistant to electric shocks.
                  | (rElec) [potion of mutation]
  4228 | D:8      | Noticed a queen bee
  4228 | D:8      | Reached skill level 9 in Long Blades
  4244 | D:8      | Killed a queen bee
  4245 | D:8      | Reached XP level 9. HP: 46/75 MP: 8/8
  4416 | D:8      | Reached skill level 10 in Long Blades
  4826 | D:9      | Reached skill level 5 in Dodging
  4844 | D:9      | Reached skill level 11 in Long Blades
  4966 | D:9      | Noticed a troll
  5026 | D:9      | Killed a troll
  5058 | D:9      | Reached XP level 10. HP: 74/86 MP: 9/9
  5067 | D:9      | Noticed a deep elf mage
  5075 | D:9      | Killed a deep elf mage
  5134 | D:10     | Entered Level 10 of the Dungeon
  5517 | D:9      | Found Polug's Armour Boutique.
  5644 | D:10     | Noticed a two-headed ogre
  5654 | D:10     | Killed a two-headed ogre
  5654 | D:10     | Reached skill level 12 in Long Blades
  5933 | D:10     | Lost mutation: You evolve. [potion of mutation]
  5933 | D:10     | Lost mutation: You are resistant to electric shocks.
                  | (rElec) [potion of mutation]
  5933 | D:10     | Gained mutation: You can translocate small distances at
                  | will. [potion of mutation]
  5933 | D:10     | Gained mutation: You are partially covered in rugged brown
                  | scales. (AC +1, +3% HP) [potion of mutation]
  6008 | D:10     | Reached skill level 10 in Shields
  6245 | D:10     | Reached XP level 11. HP: 97/97 MP: 10/10
  6884 | D:11     | Found a roughly hewn altar of Beogh.
  7638 | D:11     | Reached skill level 1 in Maces & Flails
  7715 | D:11     | Reached skill level 13 in Long Blades
  7988 | D:11     | Noticed an unseen horror
  7993 | D:11     | Killed an unseen horror
  8169 | D:12     | Got a faintly humming leather armour
  8229 | D:13     | Found a gate to the Vaults.
  8229 | D:13     | Noticed a centaur warrior
  8229 | D:13     | Noticed Rupert
  8229 | D:13     | Noticed an orc knight
  8229 | D:13     | Noticed a stone giant
  8248 | D:12     | Killed an orc knight
  8304 | D:12     | Slain by Rupert

Skill      XL: |  1  2  3  4  5  6  7  8  9 10 11 |
---------------+----------------------------------+-----
Fighting       | 4 5 6 7 8 9 |  9.5
Armour         | 4 5 6 |  6.4
Shields        | 4 5 6 7 8 10 | 10.9
Long Blades    | 3 4 5 7 9 11 12 13 | 13.4
Dodging        | 1 2 3 4 5 6 7 |  7.1
Stealth        | 1 2 3 |  3.4
Maces & Flails | 1 |  1.8

Action                   |  1- 3 |  4- 6 |  7- 9 | 10-12 || total
-------------------------+-------+-------+-------+-------++-------
Melee: Long sword        |    79 |    83 |   219 |   349 ||   730
       Headbutt          |     8 |    16 |    51 |    81 ||   156
       Mace              |       |       |       |     2 ||     2
  Use: Potion            |     2 |     4 |     5 |     9 ||    20
       Scroll            |       |     8 |       |     5 ||    13
 Stab: Distracted        |       |     1 |       |       ||     1
       Sleeping          |       |       |     1 |     2 ||     3
  Eat: Chunk             |     1 |     3 |     4 |       ||     8
       Ration            |       |     1 |     1 |     3 ||     5
Armor: Scale mail        |    35 |    14 |       |       ||    49
       Leather armour    |       |    10 |    58 |    93 ||   161
Dodge: Dodged            |    20 |    32 |   112 |   190 ||   354
Block: Shield            |    39 |    51 |   121 |   246 ||   457
       Rpst.: Long sword |     5 |    11 |    31 |    42 ||    89
